 Dungeon Sprint DCSS version 0.22.1-1-ga44c0e56f4 (webtiles) character file.

7 MuseOD the Covered (level 2, -1/29 HPs)
             Began as a Hill Orc Fighter on Oct 4, 2018.
             Was an Initiate of Beogh.
             Slain by a jumping spider (6 damage)
             ... in the Dungeon (Sprint V: "Ziggurat Sprint").
             The game lasted 00:00:57 (102 turns).

MuseOD the Covered (Hill Orc Fighter)                Turns: 102, Time: 00:00:58

Health: -1/29      AC:  7    Str: 24    XL:     2   Next: 0%
Magic:  5/5        EV: 10    Int:  8    God:    Beogh [......]
Gold:   0          SH:  0    Dex: 16    Spells: 1/1 levels left

rFire    . . .     SeeInvis .   c - +5 executioner's axe
rCold    . . .     Gourm    .   (shield currently unavailable)
rNeg     . . .     Faith    .   b - +0 scale mail
rPois    .         Spirit   .   (no helmet)
rElec    .         Reflect  .   (no cloak)
rCorr    .         Harm     .   (no gloves)
MR       .....     NoTele   +   (no boots)
Stlth    ..........             (no amulet)
HPRegen  0.09/turn              D - +6 ring of strength
MPRegen  0.09/turn              z - +6 ring of dexterity

@: lethally poisoned (-1 -> -10)
A: no striking features
a: Renounce Religion


You were in the Dungeon.
You worshipped Beogh.
Beogh was noncommittal.
You were not hungry.

You visited 1 branch

Inventory:

Hand Weapons
 c - a +5 executioner's axe (weapon)
Armour
 a - +5 gold dragon scales
 b - a +0 scale mail (worn)
Jewellery
 z - a +6 ring of dexterity (right hand)
 D - a +6 ring of strength (left hand)
Wands
 w - a wand of disintegration (7)
 x - a wand of iceblast (7)
 y - a wand of acid (7)
Scrolls
 k - 4 scrolls of blinking
 q - 4 scrolls of amnesia
 r - 7 scrolls of fog
 s - a scroll of holy word
 t - 5 scrolls of identify
 u - 5 scrolls of remove curse
 v - 2 scrolls of fear
Potions
 d - 6 potions of might
 e - 10 potions of curing
 g - 10 potions of heal wounds
 h - 6 potions of haste
 i - 7 potions of magic
 j - 3 potions of berserk rage
 l - 2 potions of brilliance
 m - 2 potions of invisibility
 n - 4 potions of resistance
 p - 5 potions of agility
Comestibles
 f - 7 rations


   Skills:
 + Level 5.3 Fighting
 + Level 5.0 Axes
 * Level 6.1 Armour
   Level 3.2 Shields
 + Level 4.1 Invocations


You had one spell level left.
You didn't know any spells.
Your spell library was empty.

Dungeon Overview and Level Annotations

Branches:
Dungeon (1/1)

Altars:
Ashenzari
Cheibriados
Dithmenos
Elyvilon
Fedhas
Gozag
Hepliaklqana
Kikubaaqudgha
Makhleb
Nemelex Xobeh
Okawaru
Qazlal
Ru
Sif Muna
Trog
Uskayaw
Vehumet
Wu Jian
Xom
Yredelemnul
Zin
The Shining One
Beogh
Jiyva
Lugonu

Annotations:
D 1 transporter


Message History

Found a transporter.
The scorpion stings you.
You slash the scorpion!
The scorpion is heavily wounded.
The jumping spider leaps!
The jumping spider closely misses you. The jumping spider misses you.
The scorpion barely misses you. The jumping spider closely misses you.
The jumping spider misses you. The scorpion stings you.
You slash the scorpion!
The scorpion is almost dead.
You slice the jumping spider!! The jumping spider pounces on you!
The jumping spider bites you but does no damage.
The jumping spider pounces on you but does no damage.
The jumping spider bites you. The scorpion stings you.
* * * LOW HITPOINT WARNING * * *
You are lethally poisoned!
The scorpion poisons you! The jumping spider pounces on you.
* * * LOW HITPOINT WARNING * * *
The jumping spider bites you.
You die...

▓▓▓▓▓▓▓
▓.8©8.▓
▓.§...▓
▓.?.).▓
▓.s...▓
▓..@..▓
▓.s©..▓
▓▓▓▓▓▓▓


You could see a jumping spider and a scorpion.

Vanquished Creatures (others)
  Erica (D)
1 creature vanquished.

Notes
Turn   | Place    | Note
-------+----------+-------------------------------------------
     0 | D        | Found the +6 Majin-Bo {vamp, Archmagi MP+6 Int+6}
     0 | D        | Found the +7 great mace "Firestarter" {inner flame, rF++}
     0 | D        | MuseOD the Hill Orc Fighter began the quest for the Orb.
     0 | D        | Reached XP level 1. HP: 19/19 MP: 1/1
     0 | D        | Found a deep blue altar of Sif Muna.
     0 | D        | Found a bloodstained altar of Trog.
     0 | D        | Found a sacrificial altar of Ru.
     0 | D        | Found a stormy altar of Qazlal.
     0 | D        | Found an iron altar of Okawaru.
     1 | D        | Found a sparkling altar of Nemelex Xobeh.
     1 | D        | Found a blossoming altar of Fedhas.
     3 | D        | Found a transporter.
     3 | D        | Found an ancient bone altar of Kikubaaqudgha.
     3 | D        | Found a viscous altar of Jiyva.
     3 | D        | Found a corrupted altar of Lugonu.
     3 | D        | Found a hazy altar of Hepliaklqana.
     3 | D        | Found a burning altar of Makhleb.
     3 | D        | Found an opulent altar of Gozag.
    23 | D        | Became a worshipper of Beogh the Brigand
    52 | D        | Reached skill level 5 in Fighting
    52 | D        | Reached skill level 5 in Axes
    52 | D        | Reached skill level 6 in Armour
    52 | D        | Reached XP level 2. HP: 29/29 MP: 1/5
    75 | D        | Killed Erica
    99 | D        | Entered arena 2.
    99 | D        | Noticed a scorpion
    99 | D        | Noticed a jumping spider
    99 | D        | Found a transporter.
   102 | D        | Slain by a jumping spider

Skill      XL: |  1 |
---------------+----+-----
Fighting       | 5 |  5.3
Axes           | 5 |  5.0
Armour         | 6 |  6.1
Invocations    | 4 |  4.1
Shields        | |  3.2

Action                   || total
-------------------------++-------
Melee: Executioner's axe ||     2
  Use: Potion            ||     1
Armor: Scale mail        ||     2
Dodge: Dodged            ||     5
